 Dungeon Crawl Stone Soup version 0.17.0-7-gfadd4cc (webtiles) character file.

1577 oplop the Skirmisher (level 8, -3/88 HPs)
             Began as an Ogre Hunter on Nov 8, 2015.
             Was an Initiate of Ru.
             Slain by an unseen horror (8 damage)
             ... on level 6 of the Dungeon.
             The game lasted 00:17:20 (7094 turns).

oplop the Skirmisher (Ogre Hunter)                  Turns: 7094, Time: 00:17:20

Health: -3/88      AC:  5    Str: 19    XL:     8   Next: 91%
Magic:  8/8        EV: 11    Int: 10    God:    Ru [......]
Gold:   335        SH:  0    Dex: 11    Spells: 0 memorised, 7 levels left

rFire  . . .     SeeInvis .     x - +2 whip (freeze)
rCold  . . .     Clarity  .     d - +0 robe
rNeg   . . .     SustAt   .     (no shield)
rPois  +         Gourm    +     (helmet restricted)
rElec  .         Spirit   .     z - +1 cloak
rCorr  .         Warding  .     (gloves unavailable)
rMut   .         Stasis   .     (boots unavailable)
MR     .....                    w - amulet of the gourmand
Stlth  +.........               (no ring)
                                f - ring of poison resistance

@: about to teleport, not resistant to hostile enchantments, very unstealthy
A: unfitting armour, tough skin 1
a: Renounce Religion


You were on level 6 of the Dungeon.
You worshipped Ru.
Ru was noncommittal.
You were very full.

You visited 2 branches of the dungeon, and saw 8 of its levels.

You collected 335 gold pieces.

Inventory:

Hand Weapons
 c - a +0 short sword
 u - a +0 giant spiked club
 x - a +2 whip of freezing (weapon)
Missiles
 a - 6 large rocks (quivered)
 b - 2 throwing nets
 s - 231 stones
Armour
 d - a +0 robe (worn)
 z - a +1 cloak (worn)
Jewellery
 f - a ring of poison resistance (left hand)
 q - an uncursed amulet of stasis
 w - an amulet of the gourmand (around neck)
 F - an uncursed amulet of resist mutation
Scrolls
 h - 2 scrolls of recharging
 i - a scroll of enchant weapon
 r - 2 scrolls of enchant armour
 t - 3 scrolls of remove curse
 y - 2 scrolls of teleportation
Potions
 k - a potion of agility
 o - a potion of haste
 p - a potion of lignification
 v - a potion of resistance
 A - a potion of might
 B - 2 potions of brilliance
 C - a potion of berserk rage
 E - 2 potions of poison
Comestibles
 e - 2 bread rations
 g - 11 fruits
 l - 4 beef jerkies


   Skills:
 + Level 7.6 Fighting
 * Level 7.6 Maces & Flails
 + Level 6.6 Throwing
 + Level 4.7 Dodging
 - Level 0.7 Stealth


You had 7 spell levels left.
You didn't know any spells.

Dungeon Overview and Level Annotations

Branches:
Dungeon (7/15)             Temple (1/1) D:4

Altars:
Ashenzari
Cheibriados
Dithmenos
Gozag
Kikubaaqudgha
Makhleb
Nemelex Xobeh
Okawaru
Qazlal
Ru
Sif Muna
Trog
Vehumet
Xom
Yredelemnul
Zin

Shops:
D:5 }   D:6 *


Innate Abilities, Weirdness & Mutations

You are too large for most types of armour.
You have tough skin (AC +1).


Message History

You hit something. You freeze something. Something hits you!
* * * LOW HITPOINT WARNING * * *
You swing at nothing.
Something hits you!
* * * LOW HITPOINT WARNING * * *
Drink which item? (? for menu, Esc to quit)
You feel much better. Something hits you.
* * * LOW HITPOINT WARNING * * *
You swing at nothing.
You closely miss something. Something hits you.
* * * LOW HITPOINT WARNING * * *
You swing at nothing.
Something hits you!
* * * LOW HITPOINT WARNING * * *
Read which item? (? for menu, Esc to quit)
As you read the scroll of teleportation, it crumbles to dust.
You feel strangely unstable. Something hits you!
* * * LOW HITPOINT WARNING * * *
Something hits you.
* * * LOW HITPOINT WARNING * * *
Something hits you!
You die...

########## . ........####.
#........... #...........
# #........... #.
#........... #..
#...........
#.#...#########...........
#.....'..@................
#.#...#########...........
#.. #........... #.
#........... #
#........... ###########.
#. #. ##


There were no monsters in sight!

Vanquished Creatures
  3 ogres
  An orc warrior (D:6)
  3 big kobolds (D:3)
  A giant frog (D:6)
  2 scorpions
  2 killer bees (D:6)
  2 crimson imps
  2 giant frog skeletons
  A giant frog zombie (D:6)
  3 orc priests
  A jelly (D:6)
  2 hounds
  3 orc wizards
  A worker ant (D:4)
  A killer bee zombie (D:6)
  11 gnolls
  5 adders
  An ooze (D:2)
  An adder zombie (D:5)
  5 worms
  4 giant geckos
  13 orcs
  6 bats
  7 giant cockroaches
  44 goblins
  14 hobgoblins
  7 jackals
  8 kobolds
  4 quokkas
  2 ball pythons (D:3)
  3 giant newts (D:2)
  10 rats
173 creatures vanquished.

Notes
Turn   | Place    | Note
--------------------------------------------------------------
     0 | D:1      | oplop the Ogre Hunter began the quest for the Orb.
     0 | D:1      | Reached XP level 1. HP: 22/22 MP: 1/1
   106 | D:1      | Reached XP level 2. HP: 18/29 MP: 2/2
   911 | D:2      | Found a faded altar to an unknown god.
   948 | D:2      | Reached XP level 3. HP: 19/37 MP: 3/3
  1363 | D:2      | Reached XP level 4. HP: 20/48 MP: 4/4
  1562 | D:2      | Found a shimmering altar of Xom.
  2224 | D:3      | Reached skill level 5 in Throwing
  2224 | D:3      | Reached XP level 5. HP: 20/55 MP: 5/5
  3233 | D:3      | Reached skill level 1 in Maces & Flails
  3252 | D:3      | Reached skill level 5 in Fighting
  3397 | D:3      | Reached XP level 6. HP: 40/66 MP: 6/6
  3433 | D:3      | Noticed a big kobold
  3436 | D:3      | Noticed a big kobold
  3491 | D:3      | Killed a big kobold
  3495 | D:3      | Killed a big kobold
  3737 | D:3      | Noticed a big kobold
  3761 | D:3      | Killed a big kobold
  3761 | D:3      | Reached XP level 7. HP: 29/74 MP: 7/7
  4097 | D:3      | Reached skill level 6 in Fighting
  4440 | D:4      | Found a staircase to the Ecumenical Temple.
  4495 | Temple   | Entered the Ecumenical Temple
  4829 | D:4      | Reached skill level 5 in Maces & Flails
  4857 | D:4      | Found a deep blue altar of Sif Muna.
  5068 | D:5      | Entered Level 5 of the Dungeon
  5068 | D:5      | Found a snail-covered altar of Cheibriados.
  5073 | D:5      | Found a burning altar of Makhleb.
  5116 | D:5      | Found Geurus's Gadget Shop.
  5149 | D:5      | Found an opulent altar of Gozag.
  5401 | D:5      | Found a sacrificial altar of Ru.
  5405 | D:5      | Reached XP level 8. HP: 84/84 MP: 8/8
  5417 | D:5      | Became a worshipper of Ru the Awakened
  5555 | D:6      | Reached skill level 7 in Fighting
  5663 | D:6      | Found Zin's Purification Station.
  5665 | D:6      | Found a glowing silver altar of Zin.
  5993 | D:6      | HP: 3/87 [something (7)]
  6828 | D:7      | Found a sacrificial altar of Ru.
  6829 | D:7      | Found a radiant altar of Vehumet.
  7094 | D:6      | Slain by an unseen horror

Action                   |  1- 3 |  4- 6 |  7- 9 || total
-------------------------+-------+-------+-------++-------
Melee: Short sword       |   117 |    16 |       ||   133
       Whip              |       |   246 |   193 ||   439
       Giant spiked club |       |       |    14 ||    14
Throw: Large rock        |     5 |    39 |    15 ||    59
       Stone             |       |    53 |    30 ||    83
       Throwing net      |       |       |     1 ||     1
  Use: Scroll            |       |       |    19 ||    19
       Potion            |       |       |     4 ||     4
  Eat: Chunk             |     2 |       |    10 ||    12
       Meat ration       |       |     2 |     1 ||     3
